 Dungeon Crawl Stone Soup version 0.30.1-11-g7821555f0a (webtiles) character file.

Game seed: 1048188434177670164

3877352 ripuliukko the Archmage (level 27, 168/168 HPs)
             Began as a Gargoyle Earth Elementalist on Jan 11, 2024.
             Was the Champion of Vehumet.
             Escaped with the Orb
             ... and 6 runes!
             The game lasted 03:48:58 (80871 turns).

ripuliukko the Archmage (GrEE)                     Turns: 80871, Time: 03:48:59

Health: 168/168    AC: 44    Str: 17    XL:     27
Magic:  44/63      EV: 15    Int: 38    God:    Vehumet [******]
Gold:   10858      SH: 19    Dex: 11    Spells: 5/80 levels left

rFire   + + .        a - staff of earth "Zihu" {MP+9 Int+2}
rCold   + + +        X - +5 kite shield {rC+}
rNeg    + . .        G - +4 troll leather armour
rPois   ∞            x - +2 hat {SInv}
rElec   +            V - +2 cloak "Amamasy" {rPois Regen+ Str+3}
rCorr   .            H - +2 pair of gloves of the Purple Skies {Slay+3}
SInv    +            K - +3 pair of mountain boots {steadfast, rC+}
Will    ++...        T - amulet of magic regeneration
Stlth   +            C - ring of Generosity {rF+ rC+ Int+6}
HPRegen 2.08/turn    P - ring "Wianiugy" {rF+ Int+2 Dex+3 SInv}
MPRegen 0.78/turn

%: no passive effects
@: flying, studying Axes
A: sickness immunity, AC +20, big wings, negative energy resistance 1,
electricity resistance, torment resistance 1, petrification resistance, antennae
1, clumsy 1, deterioration 1, mutation resistance 1, robust 1
0: Orb of Zot
}: 6/15 runes: barnacled, slimy, silver, demonic, fiery, gossamer
a: Renounce Religion


You escaped.
You worshipped Vehumet.
Vehumet was exalted by your worship.
You visited 18 branches of the dungeon, and saw 62 of its levels.
You visited Pandemonium 1 time, and saw 6 of its levels.
You visited the Abyss 2 times.
You visited 1 ziggurat, and saw 14 of its levels.
You also visited: Sewer, Ice Cave and Desolation.

You collected 13692 gold pieces.
You spent 2834 gold pieces at shops.

Inventory:

Hand Weapons
 b - the +9 staff of Olgreb {rPois∞}
   (You found it on level 5 of the Dungeon)

   It enhances your poison magic.
   It grants immunity to poison.
   It can be activated via the 'a'bility menu to radiate toxic energy, with
   effectiveness depending on Evocations skill.
 q - the +6 sword of Cerebov {flame}
   (You took it off Cerebov in Pandemonium)
Missiles
 u - 12 curare-tipped darts
 N - 4 throwing nets
Armour
 x - a +2 hat of see invisible (worn)
 y - the +5 leather armour of Zoephoon {Drain rN+ Str+3 Int+3}
   (You found it on level 14 of the Dungeon)

   Str:       It affects your strength (+3).
   Int:       It affects your intelligence (+3).
   rN:        It protects you from negative energy.
   Drain:     It drains your maximum health when unequipped.
 G - a +4 troll leather armour (worn)
 H - the +2 pair of gloves of the Purple Skies (worn) {Slay+3}
   (You acquired it on level 5 of the Vaults)

   Slay:      It affects your accuracy & damage with ranged weapons and melee
   (+3).
 K - the +3 pair of mountain boots (worn) {steadfast, rC+}
   (You found it on level 4 of the Spider Nest)

   Steadfast: It prevents involuntary movement, except for blinking,
   teleportation, or banishment.
   rC:        It protects you from cold.
 V - the +2 cloak "Amamasy" (worn) {rPois Regen+ Str+3}
   (You found it on level 2 of the Depths)

   Str:       It affects your strength (+3).
   rPois:     It protects you from poison.
   Regen:     It increases your rate of health regeneration.
 X - a +5 kite shield of cold resistance (worn)
 Y - a +2 cloak of cold resistance
Magical Staves
 a - the staff of earth "Zihu" (weapon) {MP+9 Int+2}
   (You found it in Pandemonium)

   [staff of earth]

   Base accuracy: +5 Base damage: 5 Base attack delay: 1.2 This weapon's minimum
   attack delay (0.6) is reached at skill level 12.
   Int:       It affects your intelligence (+2).
   MP:        It affects your magic capacity (+9).
   It falls into the 'Staves' category.
   It is a one-handed weapon.
 k - the staff of air "Jeomex" {rElec Will+ Int+3 SInv}
   (You found it in Pandemonium)

   [staff of air]

   Base accuracy: +5 Base damage: 5 Base attack delay: 1.2 This weapon's minimum
   attack delay (0.6) is reached at skill level 12.
   Int:       It affects your intelligence (+3).
   rElec:     It insulates you from electricity.
   SInv:      It lets you see invisible.
   Will:      It increases your willpower.
   It falls into the 'Staves' category.
   It is a one-handed weapon.
 o - the staff of conjuration "Uxzipnif" {Will+ Str+2}
   (You found it in Pandemonium)

   [staff of conjuration]

   Base accuracy: +5 Base damage: 5 Base attack delay: 1.2 This weapon's minimum
   attack delay (0.6) is reached at skill level 12.
   Str:       It affects your strength (+2).
   Will:      It increases your willpower.
   It falls into the 'Staves' category.
   It is a one-handed weapon.
 E - the staff of cold "Opsaedel" {+Blink rC+ rN+ Dex+3}
   (You found it on level 11 of a ziggurat)

   [staff of cold]

   Base accuracy: +5 Base damage: 5 Base attack delay: 1.2 This weapon's minimum
   attack delay (0.6) is reached at skill level 12.
   Dex:       It affects your dexterity (+3).
   rC:        It protects you from cold.
   rN:        It protects you from negative energy.
   +Blink:    It lets you blink.
   It falls into the 'Staves' category.
   It is a one-handed weapon.
Jewellery
 e - the amulet of Ascent {Acrobat Harm rPois rC+}
   (You found it on level 2 of the Shoals)

   [amulet of the acrobat]

   It increases your evasion while moving and waiting.
   rC:        It protects you from cold.
   rPois:     It protects you from poison.
   Harm:      It increases damage dealt and taken.
 g - the ring "Caskodon" {Fire Slay+2}
   (You found it on level 14 of a ziggurat)

   [ring of fire]

   It enhances your fire magic.
   Slay:      It affects your accuracy & damage with ranged weapons and melee
   (+2).
   rF:        It protects you from fire.
   rC:        It makes you vulnerable to cold.
 i - the ring of the Tempest {rPois rCorr Dex+3 Slay+2}
   (You took it off a ragged hierophant in the Desolation of Salt)

   [ring of poison resistance]

   Dex:       It affects your dexterity (+3).
   Slay:      It affects your accuracy & damage with ranged weapons and melee
   (+2).
   rPois:     It protects you from poison.
   rCorr:     It protects you from acid and corrosion.
 j - the ring of Itamuith {Wiz rN++ Will+ Int+4}
   (You found it on level 1 of the Orcish Mines)

   [ring of wizardry]

   It improves your spell success rate.
   Int:       It affects your intelligence (+4).
   rN:        It greatly protects you from negative energy.
   Will:      It increases your willpower.
 n - the ring of Divine Compulsion {Fly Int+7}
   (You found it on level 14 of a ziggurat)

   [ring of flight]

   Int:       It affects your intelligence (+7).
   Fly:       It grants you flight.
 w - an amulet of reflection
 C - the ring of Generosity (left hand) {rF+ rC+ Int+6}
   (You bought it in a shop on level 15 of the Dungeon)

   [ring of protection from cold]

   Int:       It affects your intelligence (+6).
   rF:        It protects you from fire.
   rC:        It protects you from cold.
 D - the ring "Kiexkaot" {rC+ rN+ Str+4}
   (You found it on level 5 of the Lair of Beasts)

   [ring of positive energy]

   Str:       It affects your strength (+4).
   rC:        It protects you from cold.
   rN:        It protects you from negative energy.
 P - the ring "Wianiugy" (right hand) {rF+ Int+2 Dex+3 SInv}
   (You took it off an ironbound convoker in the Desolation of Salt)

   [ring of protection from fire]

   Int:       It affects your intelligence (+2).
   Dex:       It affects your dexterity (+3).
   rF:        It protects you from fire.
   SInv:      It lets you see invisible.
 T - an amulet of magic regeneration (around neck)
 U - the ring "Kanta" {MP+9 AC+4}
   (You found it on level 4 of the Shoals)

   [ring of protection]

   AC:        It affects your AC (+4).
   MP:        It affects your magic capacity (+9).
 Z - the ring of Nety {rPois rCorr Int+6 Dex+3}
   (You took it off a vault warden on level 5 of the Vaults)

   [ring of intelligence]

   Int:       It affects your intelligence (+6).
   Dex:       It affects your dexterity (+3).
   rPois:     It protects you from poison.
   rCorr:     It protects you from acid and corrosion.
Wands
 M - a wand of iceblast (16)
 O - a wand of digging (15)
 R - a wand of acid (54)
Scrolls
 c - 15 scrolls of amnesia
 f - 30 scrolls of teleportation
 l - 8 scrolls of magic mapping
 r - 8 scrolls of fear
 s - 9 scrolls of poison
 t - 4 scrolls of blinking
 z - 17 scrolls of fog
 B - 6 scrolls of enchant armour
 S - 4 scrolls of butterflies
Potions
 d - 6 potions of lignification
 h - 15 potions of heal wounds
 m - 4 potions of cancellation
 p - 38 potions of curing
 A - 14 potions of brilliance
 F - 6 potions of mutation
 I - 8 potions of invisibility
 J - 9 potions of haste
 Q - 5 potions of resistance
 W - 18 potions of ambrosia
Miscellaneous
 v - a tin of tremorstones (2/2)
 L - a phantom mirror


   Skills:
 + Level 10.7 Fighting
 + Level 0.3(3.2) Maces & Flails
 + Level 5.3 Staves
 + Level 2.3 Throwing
 + Level 10.4 Armour
 + Level 11.2 Dodging
 + Level 7.4 Stealth
 + Level 17.7 Shields
 + Level 0.1 Unarmed Combat
 O Level 27 Spellcasting
 O Level 27 Conjurations
 + Level 7.2 Necromancy
 + Level 6.3 Transmutations
 + Level 11.8 Fire Magic
 + Level 13.5 Ice Magic
 + Level 11.5 Air Magic
 O Level 27 Earth Magic
 + Level 6.3 Poison Magic
 + Level 13.0 Evocations


You had 5 spell levels left.
You knew the following spells:

 Your Spells              Type           Power      Damage    Failure   Level
a - Sandblast             Erth           100%       2d20      0%          1
b - Swiftness             Air            95%        N/A       0%          3
c - Mephitic Cloud        Conj/Pois/Air  100%       N/A       0%          3
d - Freezing Cloud        Conj/Ice/Air   55%        6-21      0%          5
e - Fire Storm            Conj/Fire      57%        8d15      6%          9
f - Sticky Flame          Conj/Fire      100%       2d11      0%          4
i - Ignite Poison         Fire/Tmut/Pois 85%        N/A       1%          3
o - Iskenderun's Battles  Conj           100%       2d15      0%          5
q - Stone Arrow           Conj/Erth      100%       3d13      0%          3
r - Plasma Beam           Fire/Air       48%        2x1d68    1%          6
s - Shatter               Erth           78%        3d57*     1%          9
u - Irradiate             Conj/Tmut      54%        3d29      0%          5
w - Iron Shot             Conj/Erth      78%        9d14      0%          6
S - Lehudib's Crystal Sp  Conj/Erth      78%        10d17     1%          8
W - Borgnjor's Vile Clut  Necr/Erth      67%        N/A       0%          5

Your spell library contained the following spells:

 Spells                   Type           Power      Damage    Failure   Level
 Chain Lightning          Conj/Air       57%        3d76      6%          9
 Foxfire                  Conj/Fire      100%       2x1d9     0%          1
 Kiss of Death            Conj/Necr      100%       2d13      0%          1
 Magic Dart               Conj           100%       1d8       0%          1
 Shock                    Conj/Air       100%       1d9       0%          1
 Momentum Strike          Conj/Tloc      100%       3d10      0%          2
 Passwall                 Tmut/Erth      100%       N/A       0%          2
 Poisonous Vapours        Pois/Air       100%       N/A       0%          2
 Static Discharge         Conj/Air       100%       2-7/arc   0%          2
 Dazzling Flash           Conj/Hex       100%       N/A       0%          3
 Frozen Ramparts          Ice            100%       1d16      0%          3
 Hailstorm                Conj/Ice       100%       3d20      0%          3
 Ozocubu's Armour         Ice            100%       N/A       0%          3
 Flame Wave               Conj/Fire      100%       2d21      0%          4
 Fulminant Prism          Conj/Hex       50%        3d22      0%          4
 Iskenderun's Mystic Bla  Conj/Tloc      100%       2d19      0%          4
 Petrify                  Tmut/Erth      100%       N/A       0%          4
 Arcjolt                  Conj/Air       57%        1d67      0%          5
 Fireball                 Conj/Fire      57%        3d22      0%          5
 Apportation              Tloc           100%       N/A       1%          1
 Beastly Appendage        Tmut           100%       N/A       1%          1
 Necrotise                Necr           100%       1d9       1%          1
 Slow                     Hex            100%       N/A       1%          1
 Summon Small Mammal      Summ           100%       N/A       1%          1
 Blink                    Tloc           100%       N/A       1%          2
 Call Imp                 Summ           100%       N/A       1%          2
 Ensorcelled Hibernation  Hex/Ice        100%       N/A       1%          2
 Lesser Beckoning         Tloc           100%       N/A       1%          2
 Wereblood                Tmut           79%        N/A       1%          2
 Confusing Touch          Hex            50%        N/A       1%          3
 Inner Flame              Hex/Fire       77%        N/A       1%          3
 Spider Form              Tmut/Pois      79%        N/A       1%          3
 Summon Guardian Golem    Hex/Summ       50%        N/A       1%          3
 Tukima's Dance           Hex            50%        N/A       1%          3
 Vampiric Draining        Necr           82%        2d11      1%          3
 Vhi's Electric Charge    Tloc/Air       100%       N/A       1%          3
 Volatile Blastmotes      Fire/Tloc      100%       2d18      1%          3
 Airstrike                Air            47%        2d(7-23)  1%          4
 Anguish                  Hex/Necr       34%        N/A       1%          4
 Animate Armour           Summ/Erth      100%       N/A       1%          4
 Animate Dead             Necr           82%        N/A       1%          4
 Dispel Undead            Necr           82%        3d27      1%          4
 Ice Form                 Ice/Tmut       91%        N/A       1%          4
 Olgreb's Toxic Radiance  Pois           79%        N/A       1%          4
 Summon Ice Beast         Ice/Summ       80%        N/A       1%          4
 Summon Lightning Spire   Summ/Air       76%        N/A       1%          4
 Agony                    Necr           82%        N/A       1%          5
 Alistair's Intoxication  Tmut/Pois      52%        N/A       1%          5
 Blade Hands              Tmut           39%        N/A       1%          5
 Metabolic Englaciation   Hex/Ice        40%        N/A       1%          5
 Silence                  Hex/Air        38%        N/A       1%          5
 Yara's Violent Unravell  Hex/Tmut       33%        3d14      1%          5
 Cause Fear               Hex            25%        N/A       6%          4
 Manifold Assault         Tloc           50%        N/A       6%          4
 Passage of Golubria      Tloc           50%        N/A       6%          4
 Summon Forest            Summ/Tloc      25%        N/A       17%         5
 Summon Mana Viper        Hex/Summ       50%        N/A       17%         5
 Orb of Destruction       Conj           65%        9d15      0%          7
 Conjure Ball Lightning   Conj/Air       57%        3x3d21    1%          6
 Eringya's Noxious Bog    Tmut/Pois      39%        N/A       1%          6
 Simulacrum               Ice/Necr       46%        N/A       1%          6
 Starburst                Conj/Fire      57%        6d15      1%          6
 Spellforged Servitor     Conj/Summ      50%        N/A       1%          7
 Death Channel            Necr           41%        N/A       4%          6
 Ignition                 Fire           48%        3d14      9%          8
 Maxwell's Capacitive Co  Air            47%        ∞         10%         8
 Storm Form               Tmut/Air       43%        N/A       13%         7
 Dragon Form              Tmut           39%        N/A       36%         7
 Summon Cactus Giant      Summ           25%        N/A       67%         6
 Haunt                    Necr/Summ      34%        N/A       75%         7
 Borgnjor's Revivificati  Necr           41%        N/A       90%         8
 Infestation              Necr           41%        N/A       90%         8
 Necromutation            Tmut/Necr      40%        N/A       94%         8
 Enfeeble                 Hex            25%        N/A       99%         7
 Malign Gateway           Summ/Tloc      25%        N/A       99%         7
 Monstrous Menagerie      Summ           25%        N/A       99%         7
 Summon Hydra             Summ           25%        N/A       99%         7
 Discord                  Hex            25%        N/A       100%        8
 Disjunction              Tloc           25%        N/A       100%        8
 Death's Door             Necr           41%        N/A       100%        9
 Dragon's Call            Summ           25%        N/A       100%        9
 Cigotuvi's Dreadful Rot  Necr/Pois/Air  Unusable   N/A       N/A         2
 Sublimation of Blood     Necr           Unusable   N/A       N/A         2
 Statue Form              Tmut/Erth      Unusable   N/A       N/A         6

Dungeon Overview and Level Annotations

Branches:
Dungeon (15/15)            Temple (1/1) D:6            Lair (5/5) D:11
 Shoals (4/4) Lair:2       Spider (4/4) Lair:2        Slime (5/5) Lair:4
    Orc (2/2) D:9             Elf (3/3) Orc:2        Vaults (5/5) D:13
  Crypt (3/3) Vaults:2       Tomb (1/3) Crypt:3      Depths (4/4) D:15
   Hell (visited)             Dis (1/7) Hell            Geh (1/7) Hell
    Coc (1/7) Hell            Tar (1/7) Hell            Zot (5/5) Depths:4
  Sewer (visited)           IceCv (visited)         Desolation (visited)

Altars:
Ashenzari
Cheibriados
Dithmenos
Elyvilon
Fedhas
Gozag
Hepliaklqana
Kikubaaqudgha
Makhleb
Nemelex Xobeh
Okawaru
Qazlal
Ru
Sif Muna
Trog
Uskayaw
Vehumet
Wu Jian
Xom
Yredelemnul
Zin
The Shining One
Jiyva
Lugonu

Shops:
D:1 ?   D:9 (   D:15 **==   Orc:2 ?*=(   Elf:3 =   Shoals:1 ?   Vaults:3 *
Vaults:5 =!   Depths:1 !   Depths:2 *   Depths:4 *[(!

Portals:
Hell: Depths:1 Depths:2 Depths:3 Depths:4
Abyss: Shoals:3 Depths:1 Depths:3
Pandemonium: Orc:2 Depths:2 Depths:3
Trove: D:15 (give +5 demon trident)

Annotations:
D:5 1 runed translucent door
D:13 2 transporters, exclusion: orange crystal statue, Lene's ghost, journeyman DECj; Viumnuf's ghost, journeyman DsIE
D:15 4 transporters
Zot:3 2 transporters


Innate Abilities, Weirdness & Mutations

You are immune to sickness and miasma.
Your stone body is resilient. (AC +20)
You are immune to poison.
Your large and strong wings let you fly.
You resist negative energy. (rN+)
You are resistant to electric shocks. (rElec)
You are resistant to unholy torment.
You are immune to petrification.
You have a pair of small antennae on your head.
You are clumsy. (Dex -2)
Your body sometimes deteriorates upon taking damage.
You are somewhat resistant to further mutation.
You are robust. (+10% HP)


Message History

You feel your power returning.
There is a stone staircase leading up here.
You fly upwards.
There is a stone staircase leading down here.
(D) Dungeon (T) Temple (L) Lair (A) Shoals (N) Spider Nest (M) Slime Pits (O) Orcish Mines (E) Elven Halls (V) Vaults (C) Crypt (W) Tomb (U) Depths (H) Hell (I) Dis (G) Gehenna (X) Cocytus (Y) Tartarus (Z) Zot
Where to? (Enter - D:1, ? - help)
Okay, then.
Unknown command.
An Ice Fiend comes into view.
Casting: Lehudib's Crystal Spear (safe; 1% risk of failure)
Confirm with . or Enter, or press ? or * to list all spells.
You feel a surge of power!
The dungeon rumbles!
The Ice Fiend is moderately wounded.
Ka-crash!
Unknown command.
Casting: Shatter (mildly dangerous; 1% risk of failure)
Confirm with . or Enter, or press ? or * to list all spells.
You feel a surge of power!
The dungeon rumbles!
The Ice Fiend is heavily wounded.
Ka-crash!
Unknown command.
Casting: Shatter (mildly dangerous; 1% risk of failure)
Confirm with . or Enter, or press ? or * to list all spells.
Aiming: Iron Shot (safe; 0% risk of failure)
Press: ? - help, Shift-Dir - straight line, f - Ice Fiend
Aim: an Ice Fiend (heavily wounded, 92% to hit)
You feel a surge of power!
The iron shot hits the Ice Fiend!!!
You kill the Ice Fiend!
Vehumet accepts your kill.
You feel your power returning.
Unknown command.
There is an open door here.
There is a staircase leading out of the dungeon here.
You have escaped!

###.#......# ##.## #.##...
##.#.##.#### #...# #.##..#
#.###.#.## #...# #.##..# .##
##.#.# #...# #...... ##
#.#############.##### #....## .##
##.#.'.~#~#~~≈#.....###....##
..###.#..###~#~##≈#..............
.#.#.#.(.###~#~#~≈#..............
.##.##.#.#.~~#~#@~'.####.........
###.##.#.#.###~~~≈#.# ####....#.
##......#.#.#~##≈#.# #∩..##.
#...#.###...#~~≈≈#.# #......
#.......###'######.### ###.##.
##...#.......###......#######.##.
...#####....................#.###
##.#####..#####.......#####...###
..........#####..........##:#....


There were no monsters in sight!

Vanquished Creatures
  Cerebov (Pan)
  the Royal Jelly (Slime:5)
  7 pandemonium lords
  3 orbs of fire (Zot:5)
  7 dread liches
  Tiamat (Zot:2)
  6 ancient liches
  2 juggernauts (Zig:12)
  Parghit (Depths:3)
  A shard shrike (Zig:14)
  3 Killer Klowns (Zot:5)
  10 royal mummies (Tomb:1)
  Geryon (Hell)
  6 golden dragons
  4 curse toes
  3 caustic shrikes
  Jory (Depths:3)
  A profane servitor (Depths:1)
  7 bone dragons
  5 doom hounds
  7 Brimstone Fiends
  An iron giant (Zig:11)
  7 electric golems
  2 Tzitzimimeh (Pan)
  2 liches
  3 hellephants (Zig:7)
  11 Hell Sentinels
  30 tentacled monstrosities
  9 titans
  Jorgrun (Orc:1)
  28 Orb Guardians
  A walking crystal tome (Depths:3)
  6 Ice Fiends
  12 quicksilver dragons
  A walking frostbound tome (Depths:2)
  3 deep elf blademasters
  8 searing wretches
  Gastronok (D:9)
  21 acid blobs
  2 tentacled starspawn (Abyss:2)
  9 death cobs
  3 deep elf master archers
  4 Executioners
  Frances (Elf:1)
  11 ancient champions
  A kraken (Shoals:4)
  5 sphinxes
  15 tengu reavers
  11 draconian monks
  14 storm dragons
  A revenant (Crypt:3)
  17 shadow dragons
  A daeva (Pan)
  3 nagarajas (Zig:9)
  14 azure jellies
  4 narguns (Zig:14)
  Ilsuiw (Shoals:4)
  14 fire giants
  5 rockslimes
  7 deep elf sorcerers
  2 demonspawn warmongers (Pan)
  A fire giant (shapeshifter) (Vaults:5)
  4 emperor scorpions
  6 draconian scorchers
  7 ghost moths
  9 frost giants
  22 vault wardens
  An imperial myrmidon (Desolation)
  3 quicksilver elementals (Zig:11)
  20 balrugs
  5 iron dragons
  10 draconian knights
  3 deep elf elementalists (Elf:3)
  6 cacodemons
  5 demonspawn corrupters
  9 ghouls
  6 orc warlords
  10 draconian shifters
  2 demonspawn blood saints (Pan)
  9 draconian annihilators
  2 caustic shrike skeletons
  6 draconian stormcallers
  14 stone giants
  9 broodmothers
  14 reapers
  The ghost of HoriaBersec the Sorcerer, a journeyman DECj of Vehumet (Elf:1)
  3 war gargoyles
  11 quicksilver oozes
  A broodmother (shapeshifter) (Elf:3)
  22 very ugly things
  20 ironbound preservers
  8 ironbound thunderhulks
  2 spriggan defenders
  16 black draconians
  An elemental wellspring (Coc:1)
  5 dire elephants
  7 deep elf demonologists (Elf:3)
  3 demonspawn black suns (Pan)
  An eleionoma (Zig:10)
  5 vampire knights
  8 green draconians
  11 purple draconians
  3 halazid warlocks (Desolation)
  2 minotaurs (Elf:1)
  3 lorocyprocas
  9 deep elf annihilators
  A putrid mouth (Tar:1)
  3 wendigos (Zig:14)
  9 red draconians
  10 spark wasps
  10 deep elf death magi
  4 eidola
  13 white draconians
  8 yellow draconians
  A crystal guardian (Desolation)
  3 iron golems
  5 blizzard demons
  3 mummy priests
  Josephine (Spider:1)
  7 merfolk impalers
  16 ettins
  A quicksilver dragon zombie (Crypt:2)
  9 fire dragons
  8 green deaths (Pan)
  8 merfolk javelineers
  10 jiangshi
  A spectral quicksilver dragon (Tar:1)
  A shambling mangrove (Zig:10)
  6 deep elf high priests
  9 servants of whispers
  2 spectral spriggans (Tar:1)
  18 yaktaur captains
  10 ragged hierophants (Desolation)
  Erolcha (Orc:1)
  10 peacekeepers
  34 vault guards
  11 great orbs of eyes
  8 hydras
  2 salamander tyrants
  2 rakshasas (Depths:3)
  2 entropy weavers
  A quicksilver dragon skeleton (Crypt:1)
  2 spriggan air magi
  2 demonspawn (Orc:2)
  5 radroaches
  3 catoblepae (Lair:5)
  A caustic shrike simulacrum (Zig:14)
  Fannar (Orc:1)
  18 centaur warriors
  A juggernaut simulacrum (Coc:1)
  2 anacondas (Zig:9)
  2 alligator snapping turtles
  9 ice dragons
  8 ironbound frosthearts
  A spectral shadow dragon (Tar:1)
  A spectral stone giant (Tar:1)
  5 hell beasts
  A spriggan skeleton (Tomb:1)
  A fenstrider witch skeleton (Crypt:3)
  6 merfolk avatars
  5 ogre magi
  6 boulder beetles
  3 merfolk aquamancers (Shoals:4)
  26 dancing weapons
  8 two-headed ogres
  An alligator (Zig:10)
  15 death yaks
  4 death knights
  5 jorogumos
  5 tengu warriors
  A titan zombie (Crypt:3)
  8 orc high priests
  2 deep troll earth magi
  A naga warrior (Elf:1)
  A satyr (Shoals:3)
  A stoker (Hell)
  4 deep troll shamans
  3 spriggan berserkers
  A spectral emperor scorpion (Tar:1)
  12 hell hogs
  A naga sharpshooter (Zig:9)
  A spectral naga (Tar:1)
  82 sun demons
  2 thrashing horrors (Abyss:2)
  27 deep elf knights
  5 vampire magi
  Urug (D:10)
  16 hell knights
  A shock serpent (shapeshifter) (Depths:1)
  3 crystal echidnas
  Amaemon (D:8)
  A goliath frog (Zig:10)
  6 skysharks
  3 wretched stars (Abyss:2)
  A shadow wraith (Tar:1)
  19 soul eaters
  6 iron trolls
  7 sixfirhies
  2 spark wasp zombies
  7 pharaoh ants
  34 skeletal warriors
  10 sea snakes
  An anaconda zombie (Hell)
  2 glowing orange brains
  A sea snake (shapeshifter) (Vaults:5)
  48 deep trolls
  4 flayed ghosts
  3 spriggan druids
  19 orb spiders
  A sun moth (Spider:4)
  A bunyip skeleton (Crypt:3)
  6 swamp dragons
  An orb spider (shapeshifter) (Zig:8)
  A quicksilver dragon simulacrum (Crypt:3)
  9 shadow demons
  An iron giant skeleton (Crypt:3)
  14 deep elf archers
  4 bog bodies
  15 phantasmal warriors
  2 mana vipers (Zig:9)
  2 kraken simulacra (Hell)
  23 ironbound convokers
  2 iron dragon zombies
  8 wizards
  25 harpies
  7 starcursed masses (Abyss:2)
  A shadow dragon zombie (Vaults:5)
  31 deep elf pyromancers
  19 orc knights
  9 lindwurms
  A goliath frog zombie (Crypt:2)
  13 necromancers
  26 deep elf zephyrmancers
  10 orc sorcerers
  24 wolf spiders
  A frost giant zombie (Crypt:3)
  11 steelbarb worms
  21 ugly things
  9 fauns
  A salamander (Depths:1)
  4 cyclopes
  9 shining eyes
  A faun (shapeshifter) (Vaults:3)
  A human zombie (Vaults:5)
  12 manticores
  A toenail golem (Zot:1)
  6 merfolk sirens
  16 elephants
  A spectral fire dragon (Tar:1)
  11 rust devils
  37 moths of wrath
  8 black mambas
  A spectral centaur (Tar:1)
  6 guardian serpents
  14 orange demons
  5 water nymphs
  11 torpor snails
  2 dire elephant skeletons
  A gargoyle (D:13)
  20 vault sentinels
  20 demonic crawlers
  A pale draconian zombie (Crypt:1)
  5 eyes of devastation
  27 smoke demons
  30 large abominations
  2 black draconian zombies
  An ice statue (IceCv)
  A centaur skeleton (Crypt:3)
  7 cane toads
  8 hellions
  8 efreet
  A kobold demonologist (D:11)
  5 rime drakes
  2 komodo dragons
  8 tormentors
  Maggie (D:7)
  10 freezing wraiths
  2 tengu conjurers
  2 unseen horrors
  5 ice devils
  A golden dragon simulacrum (Crypt:3)
  7 red devils
  31 yaktaurs
  2 ancient zymes (Abyss:2)
  An unseen horror skeleton (Crypt:2)
  2 bunyip simulacra (Coc:1)
  A green draconian skeleton (Crypt:3)
  A black draconian skeleton (Crypt:3)
  4 hydra zombies
  2 tyrant leeches (Zig:10)
  2 meliai (Spider:4)
  9 guardian mummies
  A minotaur skeleton (Crypt:2)
  A sea snake skeleton (Hell)
  12 trolls
  23 merfolk
  A tengu simulacrum (Zig:14)
  7 wind drakes
  23 polar bears
  2 hellwings
  A mana viper skeleton (Crypt:2)
  A hydra skeleton (Hell)
  10 raiju
  Prince Ribbit (D:7)
  3 harpy skeletons
  30 tarantellas
  3 hornets (Zig:10)
  93 saltlings
  33 blink frogs
  A dream sheep (shapeshifter) (Vaults:5)
  A sphinx simulacrum (Zig:14)
  2 alligator zombies (Hell)
  28 culicivoras
  An iron dragon simulacrum (Zig:14)
  20 flying skulls
  2 air elementals (Elf:1)
  28 jumping spiders
  10 snapping turtles
  A shadow (Abyss:2)
  37 ynoxinuls
  4 centaur simulacra (D:12)
  6 wyverns
  A wyvern (shapeshifter) (D:13)
  2 vampires
  116 slime creatures
  57 yaks
  17 small abominations
  11 water elementals
  13 wraiths
  Eustachio (D:4)
  5 ushabtiu
  4 humans (D:13)
  A fire bat (Abyss:2)
  13 golden eyes
  17 chaos spawn
  10 neqoxecs
  8 basilisks
  Grum (D:9)
  3 fire elementals (Elf:1)
  49 redbacks
  14 vampire mosquitoes
  A steam dragon (D:9)
  Menkaure (D:4)
  A harpy simulacrum (Coc:1)
  A fire bat zombie (Crypt:1)
  A naga (Zig:9)
  12 wargs
  4 hydra simulacra
  2 acid dragons
  17 water moccasins
  A floating eye (shapeshifter) (Zig:8)
  12 hell hounds (Lair:5)
  A floating eye (Depths:3)
  A faun skeleton (Crypt:3)
  2 ice beasts
  A hornet zombie (Crypt:1)
  An ettin simulacrum (Vaults:5)
  A sky beast (D:6)
  14 black bears
  17 ogres
  50 orc warriors
  An alligator simulacrum (Hell)
  46 wolves
  5 centaurs
  A lindwurm skeleton (Crypt:1)
  A dream sheep skeleton (Crypt:1)
  2 phantoms
  4 elf zombies (Elf:1)
  6 kobold brigands
  13 bullfrogs
  A gnoll sergeant (D:7)
  2 necrophages
  A salamander skeleton (Crypt:2)
  6 scorpions
  A cane toad simulacrum (D:12)
  4 two-headed ogre simulacra (D:12)
  14 wights
  9 earth elementals
  A glowing shapeshifter simulacrum (Zig:14)
  14 killer bees
  A raiju zombie (Crypt:3)
  6 electric eels
  14 howler monkeys
  2 quasits (Abyss:2)
  37 orc priests
  3 hounds
  A bullfrog skeleton (Crypt:1)
  3 gnoll boudas
  An iron imp (Abyss:2)
  2 sleepcaps (D:6)
  26 orc wizards
  Ijyb (D:3)
  Natasha (thrice) (D:3)
  An iguana (D:4)
  4 hell rats (Hell)
  A troll simulacrum (D:12)
  A spriggan simulacrum (D:12)
  An ice beast zombie (Crypt:3)
  A naga skeleton (Crypt:2)
  15 mummies
  28 gnolls
  7 adders
  A naga simulacrum (D:12)
  A river rat (D:6)
  2 shadow imps
  4 white imps
  2 ufetubi
  A lava snake zombie (Crypt:3)
  A worm (D:3)
  91 orcs
  8 bats
  A bat skeleton (Crypt:2)
  6 endoplasms
  3 giant cockroaches
  3 goblins (D:4)
  6 hobgoblins
  8 jackals
  7 quokkas
  4 ball pythons
  A ball python skeleton (Crypt:3)
  A frilled lizard (D:1)
  A gnoll skeleton (Crypt:1)
  32 kobolds
  7 rats
  A spectral kobold (D:8)
  2 creeping infernos
  14 fire vortices
  2 lurking horrors (Shoals:3)
  6 starspawn tentacles (Abyss:2)
  3 tentacles
3493 creatures vanquished.

Vanquished Creatures (others)
  An eldritch tentacle (Pan)
  2 vault guards (D:13)
  3 humans
  23 fire vortices
  A starspawn tentacle (Abyss:2)
  5 tentacles
35 creatures vanquished.

Grand Total: 3528 creatures vanquished

Notes
Turn   | Place    | Note
-------+----------+-------------------------------------------
     0 | D:1      | ripuliukko the Gargoyle Earth Elementalist began the quest
                  | for the Orb.
     0 | D:1      | Reached XP level 1. HP: 10/10 MP: 3/3
   305 | D:1      | Reached XP level 2. HP: 15/15 MP: 1/5
   496 | D:1      | Found Ejech's Magic Scroll Shoppe.
   519 | D:1      | Bought a scroll of teleportation for 30 gold pieces
   519 | D:1      | Bought a scroll of identify for 20 gold pieces
  1081 | D:2      | Noticed a black bear
  1083 | D:2      | Killed a black bear
  1084 | D:2      | Reached skill level 5 in Earth Magic
  1084 | D:2      | Reached XP level 3. HP: 19/19 MP: 3/7
  1084 | D:2      | Reached XP level 4. HP: 24/24 MP: 3/8
  1088 | D:2      | Learned a level 3 spell: Stone Arrow
  1792 | D:3      | Noticed Natasha
  1797 | D:3      | Killed Natasha
  1798 | D:3      | Reached XP level 5. HP: 28/28 MP: 7/9
  1829 | D:3      | Found a faded altar of an unknown god.
  2028 | D:3      | Noticed Natasha
  2031 | D:3      | Killed Natasha
  2032 | D:3      | Reached skill level 1 in Conjurations
  2289 | D:3      | Noticed Natasha
  2293 | D:3      | Killed Natasha
  2294 | D:3      | Reached XP level 6. HP: 32/32 MP: 6/12
  2404 | D:3      | Found a sparkling altar of Nemelex Xobeh.
  2529 | D:3      | Found a glowing golden altar of the Shining One.
  2550 | D:3      | Noticed Ijyb
  2553 | D:3      | Killed Ijyb
  2873 | D:4      | Reached XP level 7. HP: 36/36 MP: 11/14
  2996 | D:4      | Noticed Menkaure
  3002 | D:4      | Killed Menkaure
  3003 | D:4      | Reached skill level 5 in Spellcasting
  3112 | D:4      | Noticed Eustachio
  3262 | D:4      | Killed Eustachio
  3700 | D:5      | Entered Level 5 of the Dungeon
  3706 | D:5      | Reached XP level 8. HP: 39/42 MP: 12/16
  4014 | D:5      | Found the +9 staff of Olgreb {rPois∞}
  4016 | D:5      | Found a runed translucent door.
  4163 | D:5      | Found a runed translucent door.
  4166 | D:5      | Found a runed translucent gate.
  4167 | D:5      | Found a runed translucent gate.
  4177 | D:5      | Found a runed translucent gate.
  4236 | D:5      | Found a bloodstained altar of Trog.
  4338 | D:5      | Reached XP level 9. HP: 38/46 MP: 3/20
  4348 | D:5      | Reached skill level 1 in Fighting
  4618 | D:6      | Reached skill level 5 in Conjurations
  4863 | D:6      | Found a staircase to the Ecumenical Temple.
  4870 | Temple   | Entered the Ecumenical Temple
  4912 | Temple   | Became a worshipper of Vehumet
  5029 | D:6      | Found a glowing drain.
  5038 | Sewer    | Entered a sewer
  5292 | Sewer    | Reached * piety under Vehumet
  5292 | Sewer    | Offered knowledge of Shock by Vehumet.
  5408 | Sewer    | Reached XP level 10. HP: 47/52 MP: 18/23
  5835 | D:6      | Reached skill level 10 in Earth Magic
  6241 | D:6      | Found a blossoming altar of Fedhas.
  6241 | D:6      | Found a white marble altar of Elyvilon.
  6625 | D:6      | Found an ornate altar of the Wu Jian Council.
  6738 | D:7      | Found a shadowy altar of Dithmenos.
  6838 | D:7      | Noticed Maggie
  6846 | D:7      | Killed Maggie
  7123 | D:7      | Reached skill level 1 in Evocations
  7225 | D:7      | Noticed Prince Ribbit
  7238 | D:7      | Killed Prince Ribbit
  7462 | D:7      | Reached skill level 10 in Spellcasting
  8022 | D:8      | Reached ** piety under Vehumet
  8022 | D:8      | Offered knowledge of Scorch by Vehumet.
  8252 | D:8      | Noticed an orange demon
  8256 | D:8      | Noticed Amaemon
  8258 | D:8      | Killed an orange demon
  8259 | D:8      | Reached skill level 1 in Throwing
  8271 | D:8      | Killed Amaemon
  8588 | D:8      | Reached skill level 1 in Staves
  8614 | D:8      | Reached XP level 11. HP: 56/56 MP: 18/25
  8770 | D:8      | Found a hazy altar of Hepliaklqana.
  9102 | D:9      | Found Foc Xiw's Weapon Boutique.
  9117 | D:9      | Noticed Grum
  9129 | D:9      | Killed Grum
  9225 | D:9      | Offered knowledge of Mephitic Cloud by Vehumet.
  9235 | D:9      | Learned a level 3 spell: Mephitic Cloud
  9389 | D:9      | Found a staircase to the Orcish Mines.
  9427 | D:9      | Noticed Gastronok
  9450 | D:9      | Killed Gastronok
  9450 | D:9      | Reached *** piety under Vehumet
  9451 | D:9      | Reached skill level 1 in Air Magic
 10017 | D:9      | Reached skill level 1 in Poison Magic
 10173 | D:10     | Entered Level 10 of the Dungeon
 10371 | D:10     | Found a broken altar of Ashenzari.
 10395 | D:10     | Identified the +0 ring mail "Duleot" {Str+2}
 10974 | D:10     | Noticed Urug
 10982 | D:10     | Killed Urug
 11398 | D:11     | Offered knowledge of Airstrike by Vehumet.
 11455 | D:11     | Noticed a two-headed ogre
 11460 | D:11     | Killed a two-headed ogre
 11551 | D:11     | Found a staircase to the Lair.
 11594 | D:11     | Noticed a cyclops
 11599 | D:11     | Killed a cyclops
 11600 | D:11     | Reached XP level 12. HP: 48/64 MP: 24/27
 11681 | D:11     | Noticed a boulder beetle
 11687 | D:11     | Killed a boulder beetle
 12123 | D:12     | Identified the +5 war axe "Nussurek" {holy, rF+}
 12146 | D:12     | Learned a level 3 spell: Ignite Poison
 12152 | D:12     | Learned a level 5 spell: Freezing Cloud
 12158 | D:12     | Learned a level 5 spell: Borgnjor's Vile Clutch
 12188 | D:12     | Reached **** piety under Vehumet
 12204 | D:12     | Found a frozen archway.
 12225 | IceCv    | Entered an ice cave
 12253 | IceCv    | Offered knowledge of Volatile Blastmotes by Vehumet.
 12358 | IceCv    | Reached skill level 1 in Ice Magic
 12677 | IceCv    | Reached skill level 1 in Transmutations
 12801 | IceCv    | Reached skill level 1 in Fire Magic
 12802 | IceCv    | Noticed a death yak
 12813 | IceCv    | Killed a death yak
 12814 | IceCv    | Reached skill level 1 in Shields
 12871 | IceCv    | Identified a scroll of acquirement
 12874 | IceCv    | Acquired a staff of earth
 13001 | IceCv    | Noticed a death yak
 13001 | IceCv    | Noticed a death yak
 13001 | IceCv    | Noticed a death yak
 13010 | IceCv    | Killed a death yak
 13011 | IceCv    | Killed a death yak
 13014 | IceCv    | Killed a death yak
 13108 | IceCv    | Noticed an ironbound frostheart
 13108 | IceCv    | Noticed an ironbound frostheart
 13118 | IceCv    | Reached skill level 1 in Necromancy
 13118 | IceCv    | Reached XP level 13. HP: 49/68 MP: 19/30
 13635 | D:12     | Reached skill level 5 in Evocations
 13635 | D:12     | Reached ***** piety under Vehumet
 13638 | D:12     | Offered knowledge of Sticky Flame by Vehumet.
 14227 | Lair:1   | Entered Level 1 of the Lair of Beasts
 14363 | Lair:1   | Learned a level 4 spell: Sticky Flame
 15300 | Lair:2   | Found a hole to the Spider Nest.
 15338 | Lair:2   | Found a staircase to the Shoals.
 16533 | Lair:3   | Gained mutation: Your large and strong wings let you fly.
                  | [Gargoyle growth]
 16533 | Lair:3   | Reached XP level 14. HP: 74/74 MP: 30/32
 16597 | Lair:3   | Offered knowledge of Flame Wave by Vehumet.
 17529 | Lair:4   | Reached skill level 15 in Spellcasting
 17755 | Lair:4   | Found a staircase to the Slime Pits.
 17755 | Lair:4   | Found a viscous altar of Jiyva.
 18349 | Lair:5   | Entered Level 5 of the Lair of Beasts
 18817 | Lair:5   | Reached XP level 15. HP: 34/78 MP: 16/34
 18956 | Lair:5   | Identified the ring "Kiexkaot" {rC+ rN+ Str+4}
 19035 | Lair:5   | Offered knowledge of Spellforged Servitor by Vehumet.
 19233 | Lair:5   | Reached skill level 10 in Conjurations
 19752 | Lair:5   | Reached skill level 15 in Earth Magic
 19765 | Lair:5   | Reached ****** piety under Vehumet
 19837 | Lair:5   | Found the +16 obsidian axe {drain, demonic, Mesm Drain Fly
                  | SInv}
 19994 | Spider:1 | Entered Level 1 of the Spider Nest
 20178 | Spider:1 | Offered knowledge of Iskenderun's Battlesphere by Vehumet.
 20335 | Spider:1 | Identified the +5 chain mail of the Volcano {rElec rN++
                  | Int+3 Dex-5}
 20809 | Spider:1 | Noticed a ghost moth
 20819 | Spider:1 | Killed a ghost moth
 21537 | Spider:1 | Learned a level 5 spell: Iskenderun's Battlesphere
 21595 | Spider:1 | Noticed Josephine
 21601 | Spider:1 | Killed Josephine
 22279 | D:12     | Reached XP level 16. HP: 82/83 MP: 36/36
 22747 | D:13     | Reached skill level 1 in Armour
 22752 | D:13     | Offered knowledge of Yara's Violent Unravelling by Vehumet.
 22998 | D:13     | Found a transporter.
 23005 | D:13     | Noticed Lene's ghost (journeyman DECj)
 23011 | D:13     | Noticed Viumnuf's ghost (journeyman DsIE)
 23132 | D:13     | Found a transporter.
 23237 | D:13     | Found a gate to the Vaults.
 23754 | D:14     | Identified the +5 leather armour of Zoephoon {Drain rN+
                  | Str+3 Int+3}
 24208 | D:15     | Entered Level 15 of the Dungeon
 24237 | D:15     | Found Zybehuar's Jewellery Emporium.
 24289 | D:15     | Found Vulezuwn's Jewellery Emporium.
 24292 | D:15     | Bought the ring of Generosity {rF+ rC+ Int+6} for 877 gold
                  | pieces
 24499 | D:15     | Found a broken altar of Ashenzari.
 24534 | D:15     | Found Ogueshro's Assorted Antiques.
 24551 | D:15     | Found Jonuden's General Store.
 24561 | D:15     | Found a transporter.
 24784 | D:15     | Found a staircase to the Depths.
 24964 | D:15     | Found a portal to a secret trove of treasure.
 25111 | D:15     | Found a transporter.
 25129 | D:15     | Found a transporter.
 25189 | D:15     | Found a transporter.
 25492 | Orc:1    | Entered Level 1 of the Orcish Mines
 25492 | Orc:1    | Noticed Erolcha
 25508 | Orc:1    | Killed Erolcha
 25867 | Orc:1    | Noticed Fannar
 25874 | Orc:1    | Offered knowledge of Starburst by Vehumet.
 25874 | Orc:1    | Killed Fannar
 25876 | Orc:1    | Reached skill level 5 in Fire Magic
 25981 | Orc:1    | Noticed Jorgrun
 25986 | Orc:1    | Killed Jorgrun
 26043 | Orc:1    | Identified the ring of Itamuith {Wiz rN++ Will+ Int+4}
 26266 | Orc:2    | Entered Level 2 of the Orcish Mines
 26277 | Orc:2    | Reached XP level 17. HP: 88/88 MP: 27/38
 26523 | Orc:2    | Found Ysocw's General Store.
 26527 | Orc:2    | Found Nyfruugu's Magic Scroll Emporium.
 26539 | Orc:2    | Offered knowledge of Iron Shot by Vehumet.
 26556 | Orc:2    | Gained mutation: You sometimes lose your temper in combat.
                  | [a neqoxec]
 26565 | Orc:2    | Learned a level 6 spell: Iron Shot
 26600 | Orc:2    | Bought a scroll of acquirement for 780 gold pieces
 26600 | Orc:2    | Acquired 1343 gold pieces
 26808 | Orc:2    | Found Axejypei's Jewellery Shop.
 26808 | Orc:2    | Found Sague's Antique Weapon Boutique.
 26819 | Orc:2    | Found a one-way gate leading to the halls of Pandemonium.
 27024 | Orc:2    | Found a staircase to the Elven Halls.
 27349 | Elf:1    | Entered Level 1 of the Elven Halls
 27351 | Elf:1    | Paralysed by an air elemental for 1 turns
 27468 | Elf:1    | Paralysed by an air elemental for 1 turns
 27471 | Elf:1    | Paralysed by an air elemental for 1 turns
 27598 | Elf:1    | Offered knowledge of Shatter by Vehumet.
 27598 | Elf:1    | Offered knowledge of Chain Lightning by Vehumet.
 27598 | Elf:1    | Offered knowledge of Maxwell's Capacitive Coupling by
                  | Vehumet.
 27686 | Elf:1    | Reached skill level 5 in Armour
 27889 | Elf:1    | Got the Elucidation of Iniquitous Acts
 27900 | Elf:1    | Learned a level 9 spell: Shatter
 28116 | Elf:1    | Noticed Frances
 28123 | Elf:1    | Killed Frances
 28162 | Elf:1    | Found a runed translucent gate.
 28162 | Elf:1    | Found a runed translucent gate.
 28162 | Elf:1    | Found a runed translucent gate.
 28163 | Elf:1    | Noticed a deep elf master archer
 28166 | Elf:1    | Noticed HoriaBersec's ghost (journeyman DECj)
 28670 | Elf:1    | Found an iron altar of Okawaru.
 29136 | Spider:2 | Reached skill level 5 in Shields
 29592 | Spider:2 | Reached XP level 18. HP: 23/92 MP: 17/40
 29788 | Spider:3 | Reached skill level 5 in Poison Magic
 30362 | Spider:4 | Entered Level 4 of the Spider Nest
 31238 | Spider:4 | Reached skill level 10 in Evocations
 31637 | Spider:4 | Found the +3 pair of mountain boots {steadfast, rC+}
 31643 | Spider:4 | Got a gossamer rune of Zot
 31665 | Spider:4 | Identified the +1 hat of Inaction {rPois Dex+3}
 31935 | Spider:4 | Reached XP level 19. HP: 93/97 MP: 41/41
 32094 | Shoals:1 | Entered Level 1 of the Shoals
 32769 | Shoals:1 | Found Jukewej's Magic Scroll Shop.
 32791 | Shoals:1 | Bought a scroll of blinking for 120 gold pieces
 32791 | Shoals:1 | Bought a scroll of amnesia for 64 gold pieces
 33018 | Shoals:1 | Learned a level 6 spell: Plasma Beam
 33726 | Shoals:2 | Identified the amulet of Ascent {Acrobat Harm rPois rC+}
 34445 | Shoals:3 | Found a corrupted altar of Lugonu.
 34445 | Shoals:3 | Found a one-way gate to the infinite horrors of the Abyss.
 34860 | Shoals:4 | Entered Level 4 of the Shoals
 34865 | Shoals:4 | Noticed Ilsuiw
 34920 | Shoals:4 | Killed Ilsuiw
 35321 | Shoals:4 | Identified the ring "Kanta" {MP+9 AC+4}
 35365 | Shoals:4 | Identified the +7 hand axe of Pitaita {freeze, rElec rF+
                  | Int-2 Dex+3}
 35400 | Shoals:4 | Got a barnacled rune of Zot
 35658 | Shoals:4 | Identified the +2 arbalest "Osivaos" {penet, rPois rC+
                  | MP+9}
 36359 | Elf:1    | Reached XP level 20. HP: 103/103 MP: 43/43
 36364 | Elf:1    | Killed HoriaBersec's ghost
 36409 | Elf:1    | Identified the +0 leather armour of Perudghe {Will+ Slay+3}
 36946 | Elf:2    | Found a runed translucent gate.
 36947 | Elf:2    | Found a runed translucent gate.
 36947 | Elf:2    | Found a runed translucent gate.
 37595 | Elf:3    | Entered Level 3 of the Elven Halls
 37613 | Elf:3    | Found Tuuz's Jewellery Emporium.
 38087 | Elf:3    | Noticed a Brimstone Fiend
 38090 | Abyss:2  | Cast into level 2 of the Abyss (a deep elf demonologist)
 38204 | Abyss:2  | Gained mutation: Your spells are a little easier to cast,
                  | but a little less powerful. [a neqoxec]
 38206 | Abyss:2  | Gained mutation: You are frail. (-10% HP) [a neqoxec]
 38209 | Abyss:2  | Gained mutation: You are very frail. (-20% HP) [a neqoxec]
 38211 | Abyss:2  | Gained mutation: You are occasionally teleported next to
                  | monsters. [a neqoxec]
 38437 | Abyss:2  | Found a corrupted altar of Lugonu.
 38513 | Abyss:2  | Noticed a bone dragon
 38517 | Abyss:2  | Killed a bone dragon
 38518 | Abyss:2  | Reached XP level 21. HP: 85/85 MP: 21/45
 38621 | Elf:3    | Escaped the Abyss
 38689 | Elf:3    | Lost mutation: You sometimes lose your temper in combat.
                  | [potion of mutation]
 38689 | Elf:3    | Lost mutation: Your spells are a little easier to cast, but
                  | a little less powerful. [potion of mutation]
 38689 | Elf:3    | Lost mutation: You are occasionally teleported next to
                  | monsters. [potion of mutation]
 38689 | Elf:3    | Gained mutation: You have sharp toenails. [potion of
                  | mutation]
 38689 | Elf:3    | Gained mutation: Potions are less effective at restoring
                  | your health. [potion of mutation]
 38689 | Elf:3    | Gained mutation: You are partially covered in iridescent
                  | scales. (AC +2) [potion of mutation]
 38689 | Elf:3    | Gained mutation: You passively dampen the noise of your
                  | surroundings. [potion of mutation]
 38690 | Elf:3    | Lost mutation: You are very frail. (-20% HP) [potion of
                  | mutation]
 38690 | Elf:3    | Lost mutation: Potions are less effective at restoring your
                  | health. [potion of mutation]
 38690 | Elf:3    | Lost mutation: You passively dampen the noise of your
                  | surroundings. [potion of mutation]
 38690 | Elf:3    | Gained mutation: You are dopey. (Int -2) [potion of
                  | mutation]
 38691 | Elf:3    | Lost mutation: You are frail. (-10% HP) [potion of
                  | mutation]
 38691 | Elf:3    | Lost mutation: You are partially covered in iridescent
                  | scales. (AC +2) [potion of mutation]
 38691 | Elf:3    | Gained mutation: Your flesh is cold resistant. (rC+)
                  | [potion of mutation]
 38691 | Elf:3    | Gained mutation: You have a pair of small horns on your
                  | head. [potion of mutation]
 38745 | Elf:3    | Identified the +7 chain mail of Lethargy {Regen+ Int+2}
 38748 | Elf:3    | Identified the +8 dagger of the Mind {freeze, rF+++ rC++
                  | rCorr Int-3}
 39133 | Elf:3    | Got the Discourse on Lightning
 39264 | Elf:3    | Found the +7 mace of Variability {chaos, chaos arc}
 39268 | Elf:3    | Identified the staff of poison "Hafaisee" {rPois rF+ Will-
                  | Str+2 Int+4}
 39271 | Elf:3    | Identified the +5 robe of the Forgotten Souls {Harm Will-
                  | Regen+}
 39272 | Elf:3    | Identified the staff of death "Rihushru" {rN+ Stlth+}
 39287 | Elf:3    | Got the Tome of the Doomed Atmosphere
 39292 | Elf:3    | Acquired 865 gold pieces
 39298 | Elf:3    | Identified the staff of conjuration "Ejeuv" {Str+3}
 39324 | Elf:3    | Identified the +8 whip of Dehuopp {heavy, Fragile rF+ MP+9}
 39637 | Elf:3    | Identified the +0 leather armour "Pecwygg" {Fly rC- rN+}
 39925 | Depths:1 | Entered Level 1 of the Depths
 40141 | Vaults:1 | Entered Level 1 of the Vaults
 40532 | Vaults:1 | Identified the +6 mace of Circularity {speed, *Noise rF+
                  | rN+ Dex+3}
 40789 | Vaults:1 | Reached skill level 10 in Shields
 41472 | Vaults:2 | Reached XP level 22. HP: 105/112 MP: 31/47
 41477 | Vaults:2 | Found a crumbling gateway.
 41481 | Desolati | Entered the Desolation of Salt
 41569 | Desolati | Identified the +6 chain mail of Parts Unknown {rPois
                  | Regen+}
 41584 | Desolati | Identified the ring "Wianiugy" {rF+ Int+2 Dex+3 SInv}
 41639 | Desolati | Identified the amulet of Meciq {Spirit rC+ rCorr Int+2
                  | Dex-2}
 41676 | Desolati | Identified the ring "Raorgh" {+Blink rElec rF- Str+6 Dex+4}
                  | (You took it off an ironbound convoker in the Desolation of
                  | Salt)
 42189 | Desolati | Found the +13 scythe of Curses {drain, curses, Drain}
 42192 | Desolati | Got the Precepts of Reformation and the Pyromaniac
 42245 | Desolati | Identified the ring of the Tempest {rPois rCorr Dex+3
                  | Slay+2}
 42972 | Vaults:2 | Found a staircase to the Crypt.
 43994 | Crypt:1  | Entered Level 1 of the Crypt
 45211 | Crypt:2  | Reached XP level 23. HP: 116/116 MP: 35/49
 45211 | Crypt:2  | Found a basalt altar of Yredelemnul.
 45892 | Crypt:3  | Entered Level 3 of the Crypt
 46081 | Crypt:3  | Reached skill level 5 in Transmutations
 46348 | Crypt:2  | Learned a level 3 spell: Swiftness
 47152 | Crypt:3  | Found a staircase to the Tomb.
 47264 | Crypt:3  | Found a basalt altar of Yredelemnul.
 47271 | Crypt:3  | Found an ancient bone altar of Kikubaaqudgha.
 47308 | Crypt:3  | Identified the staff of earth "Qozaz" {Str+2 Dex+4}
 47416 | Crypt:3  | Learned a level 5 spell: Irradiate
 47425 | Crypt:3  | Learned a level 8 spell: Lehudib's Crystal Spear
 47921 | Vaults:3 | Found Wymiul's General Store.
 47928 | Vaults:3 | Bought a potion of heal wounds for 85 gold pieces
 47937 | Vaults:3 | Reached skill level 5 in Fighting
 49198 | Vaults:4 | Reached XP level 24. HP: 126/126 MP: 44/51
 49204 | Vaults:4 | Identified the +5 long sword of the Scorpion {flame, rC+
                  | Str+9 Int-3 Dex-3}
 49834 | Vaults:4 | Identified the +3 arbalest of Mayhem {flame, rF- Int+4
                  | Dex+3 Stlth+}
 50982 | Depths:1 | Found Lohe's Distillery.
 51222 | Depths:1 | Found a gateway to Hell.
 51531 | Depths:1 | Found a glowing golden altar of the Shining One.
 51792 | Depths:2 | Found Rarch's Assorted Antiques.
 51813 | Depths:2 | Bought a sapphire-encrusted leather armour for 252 gold
                  | pieces
 51813 | Depths:2 | Identified the +1 leather armour "Quigosk" {rElec rC++ rN+
                  | Dex-2} (You bought it in a shop on level 2 of the Depths)
 52401 | Depths:2 | Identified the +0 ring mail of Tagupir {rN+ SInv}
 52416 | Depths:2 | Identified the +2 cloak "Amamasy" {rPois Regen+ Str+3}
 53291 | Depths:3 | Noticed Jory
 53294 | Depths:3 | Noticed Parghit
 53295 | Depths:3 | Killed Jory
 53296 | Depths:3 | Reached XP level 25. HP: 136/136 MP: 22/52
 53296 | Depths:3 | Killed Parghit
 53912 | Depths:3 | Found a one-way gateway to a ziggurat.
 53982 | Depths:3 | Gained mutation: Your spells are a little easier to cast,
                  | but a little less powerful. [a cacodemon]
 53997 | Depths:3 | Gained mutation: Your body sometimes deteriorates upon
                  | taking damage. [a cacodemon]
 54845 | Vaults:1 | Lost mutation: Your flesh is cold resistant. (rC+) [potion
                  | of mutation]
 54845 | Vaults:1 | Lost mutation: You have sharp toenails. [potion of
                  | mutation]
 54845 | Vaults:1 | Gained mutation: You are partially covered in iridescent
                  | scales. (AC +2) [potion of mutation]
 54845 | Vaults:1 | Gained mutation: You occasionally lose the ability to drink
                  | potions when taking damage. [potion of mutation]
 55007 | Vaults:5 | Entered Level 5 of the Vaults
 55012 | Vaults:5 | Noticed an ancient lich
 55015 | Vaults:5 | Killed an ancient lich
 55046 | Vaults:5 | Reached skill level 5 in Dodging
 55047 | Vaults:5 | Identified the ring of Nety {rPois rCorr Int+6 Dex+3}
 55051 | Vaults:5 | Reached XP level 26. HP: 133/144 MP: 52/53
 55056 | Vaults:5 | Reached skill level 27 in Spellcasting
 55077 | Vaults:5 | Noticed a dread lich
 55078 | Vaults:5 | Identified the +3 plate armour of Baldness {Contam rF+
                  | Dex+5}
 55079 | Vaults:5 | Killed a dread lich
 55084 | Vaults:5 | Noticed a dread lich
 55151 | Vaults:5 | Killed a dread lich
 55533 | Depths:2 | Bought a potion of mutation for 288 gold pieces
 55533 | Depths:2 | Lost mutation: You occasionally lose the ability to drink
                  | potions when taking damage. [potion of mutation]
 55533 | Depths:2 | Lost mutation: Your spells are a little easier to cast, but
                  | a little less powerful. [potion of mutation]
 55533 | Depths:2 | Lost mutation: You have a pair of small horns on your head.
                  | [potion of mutation]
 55533 | Depths:2 | Gained mutation: You have a pair of small antennae on your
                  | head. [potion of mutation]
 55533 | Depths:2 | Gained mutation: Your spells are a little easier to cast,
                  | but a little less powerful. [potion of mutation]
 55533 | Depths:2 | Gained mutation: Your skin changes colour to match your
                  | surroundings (Stealth+). [potion of mutation]
 55534 | Depths:2 | Lost mutation: You are partially covered in iridescent
                  | scales. (AC +2) [potion of mutation]
 55534 | Depths:2 | Lost mutation: Your skin changes colour to match your
                  | surroundings (Stealth+). [potion of mutation]
 55534 | Depths:2 | Gained mutation: You are somewhat resistant to further
                  | mutation. [potion of mutation]
 55583 | Depths:1 | Bought a potion of mutation for 128 gold pieces
 55583 | Depths:1 | Lost mutation: Your spells are a little easier to cast, but
                  | a little less powerful. [potion of mutation]
 55583 | Depths:1 | Lost mutation: You are dopey. (Int -2) [potion of mutation]
 55872 | Vaults:5 | Identified the +1 bardiche "Necrid" {pain, Will+ Dex+3}
 55979 | Vaults:5 | Found Oroa's Distillery.
 56035 | Vaults:5 | Bought a potion of heal wounds for 95 gold pieces
 56035 | Vaults:5 | Bought a potion of heal wounds for 95 gold pieces
 56142 | Vaults:5 | Identified the +5 ring mail of the Kettle-Drum {rC+ Str+3
                  | Stlth+}
 56446 | Vaults:5 | Identified the +4 great sword of Xanuamp {spect, rPois}
 56596 | Vaults:5 | Acquired the Disquisition on Forceful Transfiguration
 56598 | Vaults:5 | Acquired 925 gold pieces
 56600 | Vaults:5 | Acquired the +2 pair of gloves of the Purple Skies {Slay+3}
 56623 | Vaults:5 | Found Poqi's Jewellery Shoppe.
 56640 | Vaults:5 | Identified the +0 shortbow "Fasurph" {drain, Will+}
 56688 | Vaults:5 | Identified the +5 hand axe "Nufaruqi" {holy, rF+}
 56728 | Vaults:5 | Got a silver rune of Zot
 56777 | Vaults:5 | Identified the +3 flail of Karma {protect, rC+ Stlth+}
 56780 | Vaults:5 | Identified the staff of poison "Irchiobbi" {+Blink rPois
                  | rN+}
 56808 | Vaults:5 | Got Qocvixai's Cyclopedia of Points
 57308 | Depths:4 | Entered Level 4 of the Depths
 57334 | Depths:3 | Reached skill level 27 in Earth Magic
 57406 | Depths:4 | Reached skill level 5 in Ice Magic
 57422 | Depths:4 | Found Biuhup's Antique Armour Shop.
 57422 | Depths:4 | Found Wapox's Antique Weapon Shoppe.
 57522 | Depths:4 | Found Xofaecry's Distillery.
 57664 | Depths:4 | Found Doaceh Duna's Assorted Antiques.
 57694 | Depths:4 | Reached skill level 15 in Conjurations
 57825 | Depths:4 | Found a gate to the Realm of Zot.
 58190 | Hell     | Entered the Vestibule of Hell
 58190 | Hell     | Noticed Geryon
 58201 | Hell     | Killed Geryon
 58594 | Hell     | Found a gateway to the decaying netherworld of Tartarus.
 58655 | Hell     | Found a gateway to the ashen valley of Gehenna.
 58694 | Hell     | Found a gateway to the Iron City of Dis.
 58727 | Hell     | Found a gateway to the freezing wastes of Cocytus.
 58884 | Zig:1    | Entered Level 1 of a ziggurat
 58921 | Zig:2    | Entered Level 2 of a ziggurat
 58933 | Zig:3    | Entered Level 3 of a ziggurat
 58946 | Zig:3    | Got Sif Muna's Quarto of the Destined Comitatus
 58950 | Zig:4    | Entered Level 4 of a ziggurat
 59018 | Zig:5    | Entered Level 5 of a ziggurat
 59028 | Zig:5    | Reached XP level 27. HP: 148/148 MP: 52/54
 59033 | Zig:5    | Identified the +3 short sword of Focva {distort, Str+3
                  | Dex-2}
 59044 | Zig:6    | Entered Level 6 of a ziggurat
 59080 | Zig:6    | Got the Omnibus of the Sepulchral Black Widow
 59083 | Zig:6    | Identified the +4 flail "Daaneudetul" {holy, rPois rC+
                  | Dex+3}
 59100 | Zig:7    | Entered Level 7 of a ziggurat
 59143 | Zig:7    | Reached skill level 5 in Stealth
 59146 | Zig:7    | Identified the +1 shortbow of Fate {flame, rPois MP+9
                  | Stlth+}
 59150 | Zig:7    | Reached skill level 5 in Air Magic
 59151 | Zig:7    | Identified the +8 battleaxe of Kifotug {freeze, Dex+3}
 59166 | Zig:8    | Entered Level 8 of a ziggurat
 59170 | Zig:8    | Noticed an ancient lich
 59175 | Zig:8    | Killed an ancient lich
 59219 | Zig:8    | Identified the ring of Gluttony {Wiz Str+3}
 59247 | Zig:9    | Entered Level 9 of a ziggurat
 59296 | Zig:9    | Identified the +7 war axe of Watchfulness {heavy, Int+6}
 59300 | Zig:9    | Identified the +5 falchion "Eroxt" {spect, rF+ rCorr}
 59330 | Zig:10   | Entered Level 10 of a ziggurat
 59372 | Zig:10   | Identified the +11 sling of Hell's Wrath {heavy, rElec rN+
                  | Will+}
 59381 | Zig:10   | Identified the +6 glaive of Spite {drain, Drain rC+++ Int+8
                  | Dex-2}
 59406 | Zig:11   | Entered Level 11 of a ziggurat
 59498 | Zig:11   | Found the ring of the Tortoise {AC+8}
 59507 | Zig:11   | Identified the ring "Xuostase" {rElec Str+6}
 59508 | Zig:11   | Identified the staff of earth "Xeimu" {rCorr}
 59515 | Zig:11   | Identified the staff of cold "Opsaedel" {+Blink rC+ rN+
                  | Dex+3}
 59542 | Zig:12   | Entered Level 12 of a ziggurat
 59551 | Zig:12   | Noticed a juggernaut
 59552 | Zig:12   | Noticed a juggernaut
 59554 | Zig:12   | Killed a juggernaut
 59555 | Zig:12   | Killed a juggernaut
 59584 | Zig:12   | Identified the staff of conjuration "Ytar" {rC+}
 59585 | Zig:12   | Identified the +7 great sword of Gallantry {drain, rN+
                  | Str+3}
 59623 | Zig:13   | Entered Level 13 of a ziggurat
 59848 | Zig:13   | Found the amulet of the Air {Inacc Air Fly rElec RMsl}
 59856 | Zig:13   | Identified the +8 morningstar "Aheaso" {drain, Will++}
 59875 | Zig:13   | Identified the amulet of Biykkan {Faith Str+5}
 59918 | Zig:14   | Entered Level 14 of a ziggurat
 60023 | Zig:14   | Identified the ring of Divine Compulsion {Fly Int+7}
 60030 | Zig:14   | Identified the ring "Caskodon" {Fire Slay+2}
 60035 | Zig:14   | Identified the +1 ring mail of the Evil One {rN+ Dex+3}
 60039 | Zig:14   | Identified the +6 giant spiked club "Plog" {speed, rF+
                  | Str+3}
 60042 | Zig:14   | Identified the ring "Qeitro" {rCorr Stlth+}
 60043 | Zig:14   | Identified the staff of conjuration "Saavi Isse" {Drain
                  | rN+++ Dex+3 SInv}
 60144 | Zot:1    | Entered Level 1 of the Realm of Zot
 61512 | Zot:2    | Found the +4 dragonskin cloak
 61512 | Zot:2    | Noticed Tiamat
 61522 | Zot:2    | Killed Tiamat
 62558 | Zot:3    | Reached skill level 5 in Necromancy
 62656 | Zot:3    | Found a transporter.
 62815 | Zot:3    | Identified the ring "Arygh" {rPois rF- Will+++ Str+6 Int-5}
 62826 | Zot:3    | Noticed an orb of fire
 62831 | Zot:3    | Identified the +9 longbow of the Nine Ships {drain, rPois
                  | Str+2 Int+4 Dex-4}
 62836 | Zot:3    | Identified the ring of Musousche {Fly rC+ rCorr}
 62858 | Zot:3    | Identified the +2 robe of Words of Power {Rampage rCorr}
 63421 | Zot:3    | Found a transporter.
 64266 | Zot:4    | Reached skill level 5 in Staves
 64542 | Zot:5    | Entered Level 5 of the Realm of Zot
 64643 | Zot:5    | Noticed an ancient lich
 64649 | Zot:5    | Killed an ancient lich
 64754 | Zot:4    | Learned a level 8 spell: Ignition
 65064 | Zot:5    | Noticed a dread lich
 65066 | Zot:5    | Killed a dread lich
 65068 | Zot:5    | Reached skill level 15 in Shields
 65081 | Zot:5    | Noticed an orb of fire
 65087 | Zot:5    | Killed an orb of fire
 65098 | Zot:5    | Noticed an ancient lich
 65136 | Zot:5    | Noticed an ancient lich
 65142 | Zot:5    | Killed an ancient lich
 65242 | Zot:5    | Killed an ancient lich
 65319 | Zot:5    | Noticed a dread lich
 65323 | Zot:5    | Paralysed by a dread lich for 2 turns
 65328 | Zot:5    | Killed a dread lich
 65330 | Zot:5    | Reached skill level 10 in Fighting
 65429 | Zot:5    | Noticed a dread lich
 65431 | Zot:5    | Killed a dread lich
 65508 | Zot:5    | Noticed an orb of fire
 65512 | Zot:5    | Killed an orb of fire
 65639 | Zot:5    | Noticed an ancient lich
 65641 | Zot:5    | Killed an ancient lich
 65718 | Zot:5    | Noticed an orb of fire
 66050 | Zot:5    | Gained mutation: You are robust. (+10% HP) [an orb of fire]
 66053 | Zot:5    | Killed an orb of fire
 66202 | Zot:5    | Noticed a dread lich
 66204 | Zot:5    | Killed a dread lich
 66556 | Tar:1    | Entered Level 1 of Tartarus
 66672 | Coc:1    | Entered Level 1 of Cocytus
 66673 | Coc:1    | Noticed a dread lich
 66675 | Coc:1    | Killed a dread lich
 66991 | Dis:1    | Entered Level 1 of the Iron City of Dis
 67247 | Geh:1    | Entered Level 1 of Gehenna
 67656 | Tomb:1   | Entered Level 1 of the Tomb of the Ancients
 67686 | Tomb:1   | Noticed a royal mummy
 67700 | Tomb:1   | Noticed a royal mummy
 67701 | Tomb:1   | Noticed a royal mummy
 67701 | Tomb:1   | Noticed a royal mummy
 67705 | Tomb:1   | Killed a royal mummy
 67706 | Tomb:1   | Killed a royal mummy
 67706 | Tomb:1   | Killed a royal mummy
 67707 | Tomb:1   | Killed a royal mummy
 67733 | Tomb:1   | Noticed a royal mummy
 67738 | Tomb:1   | Killed a royal mummy
 67748 | Tomb:1   | Noticed a royal mummy
 67752 | Tomb:1   | Killed a royal mummy
 67852 | Tomb:1   | Noticed a royal mummy
 67855 | Tomb:1   | Killed a royal mummy
 67862 | Tomb:1   | Noticed a royal mummy
 67865 | Tomb:1   | Killed a royal mummy
 67869 | Tomb:1   | Noticed a royal mummy
 67874 | Tomb:1   | Killed a royal mummy
 67875 | Tomb:1   | Reached skill level 10 in Ice Magic
 67908 | Tomb:1   | Noticed a royal mummy
 67913 | Tomb:1   | Killed a royal mummy
 68539 | Slime:1  | Entered Level 1 of the Pits of Slime
 69878 | Slime:3  | Reached skill level 10 in Fire Magic
 70295 | Slime:2  | Gained mutation: You are clumsy. (Dex -2) [a shining eye]
 70517 | Slime:4  | Reached skill level 10 in Dodging
 70811 | Slime:5  | Entered Level 5 of the Pits of Slime
 71059 | Slime:5  | Noticed the Royal Jelly
 71064 | Slime:5  | Killed the Royal Jelly
 71065 | Slime:5  | Reached skill level 10 in Armour
 71318 | Slime:5  | Identified the +6 chain mail "Ruzydirch" {rPois Int+4}
 71343 | Slime:5  | Identified the +5 whip "Geetsamm" {antimagic, *Corrode
                  | rPois Str+4}
 71369 | Slime:5  | Identified the staff of cold "Daluos" {rC+ Dex+2}
 71387 | Slime:5  | Got Guogho's Catalogue of the Molten Shapeshifter
 71403 | Slime:5  | Got a slimy rune of Zot
 71595 | Slime:5  | Learned a level 9 spell: Fire Storm
 72129 | Pan      | Entered Pandemonium
 72201 | Pan      | Noticed Seingeg the pandemonium lord
 72679 | Pan      | Killed Seingeg the pandemonium lord
 73223 | Pan      | Noticed Estruowk the pandemonium lord
 73228 | Pan      | Killed Estruowk the pandemonium lord
 73345 | Pan      | Reached skill level 27 in Conjurations
 74816 | Pan      | Noticed Byonyuli the pandemonium lord
 74821 | Pan      | Killed Byonyuli the pandemonium lord
 75508 | Pan      | Entered the realm of Cerebov.
 75514 | Pan      | Identified the +6 war axe "Kiepusa" {heavy, *Noise rC+++
                  | Int-2 Dex+3}
 75905 | Pan      | Reached skill level 10 in Air Magic
 76108 | Pan      | Identified the staff of earth "Zihu" {MP+9 Int+2}
 76129 | Pan      | Identified the staff of air "Jeomex" {rElec Will+ Int+3
                  | SInv}
 76145 | Pan      | Found the +6 sword of Cerebov {flame}
 76145 | Pan      | Noticed Cerebov
 76155 | Pan      | Killed Cerebov
 76452 | Pan      | Identified the staff of conjuration "Uxzipnif" {Will+
                  | Str+2}
 76486 | Pan      | Identified the staff of poison "Xoubopuheo" {rElec rPois
                  | Will+ Int-2 Dex+4}
 76544 | Pan      | Identified the staff of conjuration "Hisucoen" {rF+}
 76636 | Pan      | Got the Vellum of the Tesseract and Trauma
 76711 | Pan      | Got a fiery rune of Zot
 77060 | Pan      | Noticed Rezi the pandemonium lord
 77062 | Pan      | Killed Rezi the pandemonium lord
 77429 | Pan      | Got a demonic rune of Zot
 78448 | Pan      | Identified the +0 ring mail "Zubiext" {Will+ rCorr Dex-3}
 78468 | Pan      | Noticed Etteymap the pandemonium lord
 78476 | Pan      | Killed Etteymap the pandemonium lord
 78629 | Pan      | Found an exit through the horrors of the Abyss.
 79344 | Pan      | Took an exit into the Abyss.
 79344 | Abyss:2  | Escaped into the Abyss
 79816 | Orc:2    | Escaped the Abyss
 80220 | Zot:5    | Got the Orb of Zot
 80677 | D:6      | Noticed Qahegg the pandemonium lord
 80679 | D:6      | Killed Qahegg the pandemonium lord
 80731 | D:4      | Noticed Sefid the pandemonium lord
 80764 | D:4      | Killed Sefid the pandemonium lord
 80871 | D:$      | Escaped with the Orb!

Illustrated notes

Levels and vault maps discovered:
D:1:      ncdulo_wetmaze, layout_loops_cross, serial_shops, shop
D:2:      layout_loops_corners
D:3:      layout_rooms, mainiacjoe_overflow_alcove_1,
          mainiacjoe_overflow_six_doors_small, ebering_ecumenical_altar_webs,
          minmay_strange_pillars, chequers_serial_rivers_marsh, uniq_ijyb,
          uniq_natasha
D:4:      layout_basic, uniq_eustachio, uniq_menkaure
D:5:      layout_rooms, trog_book, minmay_guarded_unrand_staff_of_olgreb
D:6:      layout_layer_cave, nicolae_overflow_hidden_temple,
          minmay_temple_entry_hall, portal_sewer_entry_b, fountainhead
D:7:      layout_basic, nicolae_dithmenos_shadow_blocks, corexii_checkpoint_a,
          uniq_prince_ribbit1, uniq_maggie
D:8:      layout_basic, nicolae_hepliaklqana_monster_ancestors, uniq_amaemon
D:9:      layout_irregular_city, david_orc_4, serial_shops, shop,
          grunt_ministairs_2, uniq_gastronok, uniq_grum
D:10:     layout_layer_cave, nicolae_ashenzari_skybound, uniq_urug
D:11:     layout_roguey, due_lair_maze_entry_diamond
D:12:     layout_small_grid, serial_ice, serial_ice_n, serial_ice_h,
          serial_ice_c, serial_ice_k, portal_ice_cave_entry_ice_simulacra
D:13:     layout_cave_pools, ximxim_vaults_locker_room, serial_demonic,
          serial_demonic_g, serial_demonic_a, serial_demonic_f,
          serial_demonic_e, nzn_ghost_randoct, kennysheep_cross_bottleneck
D:14:     layout_cave_pools
D:15:     hangedman_depths_entry_civil_slaughter, layout_long_grid,
          enter_trove_6, serial_shops, nicolae_shop_behind_doors, shop,
          nicolae_shop_behind_doors, old_standard_altar,
          minmay_shop_enchanted_jewellery, nicolae_transporter_circle
Temple:   cyrus_circular_temple
Lair:1:   layout_loops_ring
Lair:2:   layout_chaotic_city, minmay_shoals_entry_beasts,
          spider_nest_entry_webs
Lair:3:   layout_gridlike, nicolae_lair_lil_pond, grunt_megastairs_3,
          serial_bayou_shore_a
Lair:4:   layout_regular_city, minmay_slime_entry_pillars, serial_bayou_lake_a
Lair:5:   hangedman_lair_in_review, layout_cave_pods,
          hangedman_lair_caniforms_friends, dreamdust_deal_with_the_devil
Shoals:1: layout_shoals, serial_shops, shop
Shoals:2: layout_shoals
Shoals:3: argonaut_golden_fleece, layout_shoals,
          amcnicky_altar_lugonu_corruption
Shoals:4: shoals_end_hangedman, layout_shoals, shoals_ilsuiw_ice,
          nicolae_shoals_hunting_party
Spider:1: layout_chambers, uniq_josephine
Spider:2: layout_spider_delve
Spider:3: layout_cave_pods
Spider:4: hellmonk_spider_rune_endless_swarm, nicolae_spider_jagged_tunnels
Slime:1:  cheibrodos_slime_lost_civilization_10, layout_caves
Slime:2:  layout_caves
Slime:3:  layout_caves
Slime:4:  layout_caves
Slime:5
Orc:1:    layout_diamond_mine, abandoned_shop, minmay_orc_treasury,
          uniq_jorgrun, uniq_fannar, uniq_erolcha
Orc:2:    pf_orc_diabolical, layout_caves
Elf:1:    layout_geoelf_octagon, gammafunk_ghost_fury_of_okawaru,
          minmay_elf_necromancy, uniq_frances
Elf:2:    nicolae_elf_blades_crystal_corner, layout_geoelf_octagon
Elf:3:    grunt_elf_hall_diamonds, layout_geoelf_castle, serial_shops, shop,
          guppyfry_library_mini
Vaults:1: nicolae_vaults_little_squares_4, vaults_room_grid,
          vaults_mumra_minichess_inversion, ontoclasm_vaults_twist,
          st_spiral_rooms, vaults_room_pool, v_misc_2,
          nicolae_vaults_double_plus_2, v_misc_16,
          nicolae_vaults_mini_display_case, nicolae_vaults_network_quinsquares
          [nicolae_vaults_network_quincunx_subvault,
          nicolae_vaults_network_quincunx_subvault,
          nicolae_vaults_network_quincunx_subvault,
          nicolae_vaults_network_quincunx_subvault], layout_vaults_omnibox
Vaults:2: portal_desolation_entry_nicolae_nacl, nicolae_vaults_double_plus_1,
          v_misc_33, minmay_crypt_entry_simple_statues, v_alt_pattern_2,
          vaults_dpeg_hooks, layout_vaults_omnigrid
Vaults:3: v_misc_18, nicolae_vaults_storage_room_doors, vaults_room_pools,
          nicolae_vaults_meiosis, nicolae_vaults_little_squares_6,
          dpeg_vaults_monster_row, nicolae_vaults_two_Ls, st_squares,
          nicolae_vaults_more_shelving_1, nicolae_vaults_house_2,
          ontoclasm_vaults_pinch, vaults_dpeg_emergency_exit,
          nicolae_vaults_trapezoid_2, layout_vaults_omnicross, serial_shops,
          shop
Vaults:4: v_rooms_6, vaults_room_grid, nicolae_vaults_tetromino_T_1,
          nicolae_vaults_swerve, ontoclasm_vaults_ligature,
          nicolae_vaults_octothorpe, nicolae_vaults_closet_pinwheel_4,
          nicolae_vaults_little_ls, dpeg_vaults_monster_box,
          nicolae_vaults_tetromino_T_1, nicolae_vaults_yaktaur_gun_rack,
          layout_vaults_chaotic_city
Vaults:5
Crypt:1:  layout_gridlike, uniq_josephina
Crypt:2:  layout_basic, lemuel_upstairs_altar
Crypt:3:  lightli_unholy_cathedral, layout_chaotic_city,
          nicolae_tomb_entry_unfolded_pyramid_diagonal, grunt_megastairs_1
Tomb:1
Depths:1: layout_gridville, serial_shops, shop, chequers_hall_statues_corner_a,
          hangedman_abyss_entry_splay, nicolae_hell_entry_hellmouth_sunbeams,
          nicolae_tso_carved_into_rock
Depths:2: minmay_the_grid_net [minmay_the_grid_aliased_spiral,
          minmay_the_grid_armoury, minmay_the_grid_slots,
          minmay_the_grid_outer_diamond, minmay_the_grid_large_cup,
          minmay_the_grid_prize_four_corners_diamond_b], layout_cave_shapes,
          rand_demon_pan_entry_1, serial_shops, shop, pf_coc_iceberg,
          infiniplex_staircase_pool_2
Depths:3: minmay_octo_star, layout_basic, enter_ziggurat_a,
          minmay_room_of_horrors, rand_demon_pan_entry_9, hex_tiny, hell_entry,
          uniq_parghit, uniq_jory
Depths:4: evilmike_zot_entry_round, layout_cave_shapes,
          hangedman_abyss_or_decor_stabs, serial_shops, shop, shop,
          nicolae_shop_tiny_real_fake_doors, nicolae_shop_industrial_runoff,
          hell_entry
Hell
Dis:1:    layout_jigsaw, nicolae_dis_emergency_hatch
Geh:1:    layout_gehenna_pools_box, nicolae_hells_seeping_fissure
Coc:1:    layout_ice_bergs
Tar:1:    layout_grid_maze
Zot:1:    layout_concentric_octagons, grunt_megastairs_2
Zot:2:    layout_gridlike, uniq_tiamat
Zot:3:    gammafunk_dig_for_victory, layout_misc_corridors, lemuel_golem_globe
Zot:4:    layout_basic, lemuel_baited_zot_trap, grunt_ministairs_2,
          st_single_dragon_hoard_2
Zot:5:    layout_onion, hangedman_zot_decor_scrapings

Skill      XL: |  1  2  3  4  5  6  7  8  9 10 11 12 13 14 15 16 17 18 19 20 21 22 23 24 25 26 27 |
---------------+----------------------------------------------------------------------------------+-----
Earth Magic    | 4 5 6 7 8 9 11 12 13 14 15 16 17 18 19 20 21 22 23 24 25 27 | 27.0
Spellcasting   | 3 4 5 7 9 10 11 13 14 15 16 17 18 19 20 21 22 24 25 26 27 | 27.0
Conjurations   | 1 2 4 5 6 7 8 9 10 11 12 13 14 16 27 | 27.0
Fighting       | 1 3 5 8 10 | 10.7
Evocations     | 2 3 4 6 7 8 9 10 11 12 13 | 13.0
Throwing       | 1 2 |  2.3
Staves         | 1 2 3 4 5 |  5.3
Air Magic      | 2 3 4 11 | 11.5
Poison Magic   | 2 3 4 5 6 |  6.3
Ice Magic      | 2 3 4 6 13 | 13.5
Transmutations | 1 2 3 4 5 6 |  6.3
Fire Magic     | 2 3 4 5 6 11 | 11.8
Shields        | 1 3 5 6 8 10 11 17 | 17.7
Necromancy     | 1 2 3 4 7 |  7.2
Dodging        | 2 3 4 5 11 | 11.2
Stealth        | 3 4 7 |  7.4
Armour         | 3 5 7 8 10 | 10.4
Maces & Flails | |  0.3
Unarmed Combat | |  0.1

Action                     |  1- 3 |  4- 6 |  7- 9 | 10-12 | 13-15 | 16-18 | 19-21 | 22-24 | 25-27 || total
---------------------------+-------+-------+-------+-------+-------+-------+-------+-------+-------++-------
  Melee: Unarmed           |    18 |     1 |       |       |       |       |       |       |       ||    19
         Mace              |       |     3 |    18 |       |       |       |       |       |       ||    21
         Staff             |       |       |     5 |    42 |    44 |    33 |    13 |    15 |    77 ||   229
         Punch             |       |       |       |       |     2 |       |       |       |       ||     2
         Headbutt          |       |       |       |       |       |       |       |     5 |       ||     5
  Throw: Dart              |       |       |       |     1 |       |     1 |       |       |       ||     2
         Throwing net      |       |       |       |     1 |       |       |       |       |       ||     1
   Cast: Sandblast         |    25 |    55 |   121 |   164 |   184 |   202 |   115 |    57 |    22 ||   945
         Stone Arrow       |       |     1 |    17 |    68 |    97 |    71 |     3 |       |   163 ||   420
         Ignite Poison     |       |       |       |    13 |    95 |   132 |    29 |       |     5 ||   274
         Borgnjor's Vile C |       |       |       |    12 |    49 |   110 |    31 |    11 |    39 ||   252
         Freezing Cloud    |       |       |       |     4 |    26 |    38 |    48 |    17 |   120 ||   253
         Mephitic Cloud    |       |       |       |     2 |     6 |     2 |       |       |       ||    10
         Sticky Flame      |       |       |       |       |    27 |    27 |    10 |     4 |     7 ||    75
         Iskenderun's Batt |       |       |       |       |     3 |     8 |       |       |       ||    11
         Iron Shot         |       |       |       |       |       |   116 |   124 |    77 |   443 ||   760
         Shatter           |       |       |       |       |       |     2 |   169 |   429 |   731 ||  1331
         Plasma Beam       |       |       |       |       |       |       |    13 |     6 |    10 ||    29
         Lehudib's Crystal |       |       |       |       |       |       |       |     2 |    89 ||    91
         Irradiate         |       |       |       |       |       |       |       |     2 |    13 ||    15
         Fire Storm        |       |       |       |       |       |       |       |       |    24 ||    24
         Ignition          |       |       |       |       |       |       |       |       |     8 ||     8
Ability: Evoke the Staff o |       |       |     7 |    88 |   117 |   159 |    28 |       |       ||   399
  Evoke: Wand              |       |       |     1 |     9 |     4 |     2 |       |     2 |    18 ||    36
    Use: Scroll            |     1 |     9 |     3 |    11 |    10 |     7 |     5 |       |    15 ||    61
         Potion            |       |       |     1 |       |     4 |     3 |     3 |       |     8 ||    19
   Stab: Paralysed         |       |       |       |       |     5 |       |       |       |       ||     5
         Distracted        |       |       |       |       |       |       |     1 |       |       ||     1
 Armour: Robe              |     8 |    21 |    72 |   109 |   189 |       |       |       |       ||   399
         Troll leather arm |       |       |       |       |    16 |   269 |   120 |    81 |   337 ||   823
         Leather armour    |       |       |       |       |       |    20 |       |       |       ||    20
  Dodge: Dodged            |    24 |    41 |   104 |   126 |   322 |   199 |    86 |    55 |   277 ||  1234
  Block: Kite shield       |       |       |       |       |    18 |   232 |   104 |    96 |   426 ||   876
